 Dungeon Crawl Stone Soup version 0.28-a0-413-gde365fb1df (webtiles) character file.

Game seed: 5316622898113367844

121 chris0x the Sneak (level 5, -3/43 HPs)
             Began as a Naga Air Elementalist on Sept 2, 2021.
             Was a Follower of Uskayaw.
             Slain by a gnoll (9 damage)
             ... on level 4 of the Dungeon on Sept 7, 2021.
             The game lasted 00:13:57 (3658 turns).

chris0x the Sneak (Naga Air Elementalist)           Turns: 3658, Time: 00:13:57

Health: -3/43      AC:  3    Str: 10    XL:     5   Next: 5%
Magic:  4/9        EV: 10    Int: 17    God:    Uskayaw [*.....]
Gold:   109        SH:  0    Dex: 11    Spells: 6/9 levels left

rFire   . . .      SeeInvis +   f - +3 dagger (speed)
rCold   . . .      Faith    .   (no shield)
rNeg    . . .      Spirit   .   a - +1 robe
rPois   +          Reflect  .   (no helmet)
rElec   .          Harm     .   (no cloak)
rCorr   .          Rampage  .   (no gloves)
Will    .....                   (no barding)
Stlth   ++........              (no amulet)
HPRegen 0.14/turn               k - ring of wizardry
MPRegen 0.11/turn               (no ring)

@: very slow
A: AC +1, large, see invisible, deformed body, poison resistance, slowness 2,
spit poison 1, naga tail 1
a: Spit Poison, Renounce Religion, Stomp


You were on level 4 of the Dungeon.
You worshipped Uskayaw.
Uskayaw was noncommittal.
You visited 1 branch of the dungeon, and saw 4 of its levels.

You collected 109 gold pieces.

Inventory:

Hand Weapons
 f - a +3 dagger of speed (weapon)
Missiles
 c - 112 stones
 i - 38 bolts
 l - 3 atropa-tipped darts
 m - 11 poisoned darts
 o - 25 arrows
Armour
 a - a +1 robe (worn)
 b - a +0 chain mail
 e - a +0 ring mail
 n - a +0 scale mail
Jewellery
 k - a ring of wizardry (left hand)
 s - an amulet of faith
Scrolls
 p - a scroll of identify
Potions
 d - a potion of magic {unknown}
 g - 3 potions of flight
 h - 4 potions of curing {unknown}
 j - a potion of brilliance {unknown}


   Skills:
 + Level 0.7 Fighting
 + Level 0.8 Short Blades
 + Level 0.5 Armour
 * Level 2.1 Dodging
 * Level 4.1 Stealth
 * Level 2.8 Spellcasting
 + Level 1.6 Conjurations
 + Level 3.6 Air Magic


You had 6 spell levels left.
You knew the following spells:

 Your Spells              Type           Power      Damage    Failure   Level
a - Shock                 Conj/Air       44%        1d5       2%          1
b - Static Discharge      Conj/Air       11%        N/A       4%          2

Your spell library contained the following spells:

 Spells                   Type           Power      Damage    Failure   Level
 Swiftness                Air            14%        N/A       4%          3
 Animate Skeleton         Necr           4%         N/A       8%          1
 Apportation              Tloc           4%         N/A       8%          1
 Summon Small Mammal      Summ           8%         N/A       8%          1
 Airstrike                Air            7%         N/A       16%         4


Dungeon Overview and Level Annotations

Branches:
Dungeon (4/15)
 Temple: D:4-7

Altars:
Uskayaw
Yredelemnul


Innate Abilities, Weirdness & Mutations

Your serpentine skin is tough. (AC +1)
You have supernaturally acute eyesight. (SInv)
Armour fits poorly on your strangely shaped body.
Your system is resistant to poisons. (rPois)
You cover ground very slowly.
You can spit poison.
You have a snake-like lower body.


Message History

The gnoll hits you from afar with a +0 halberd.
You can now pass through a line of other dancers.
Casting: Shock (safe; 2% risk of failure)
Confirm with . or Enter, or press ? or * to list all spells.
Aiming: Shock (safe; 2% risk of failure)
Press: ? - help, Shift-Dir - straight line, f/p - gnoll
Aim: a gnoll, wielding a +0 flail (heavily wounded, 72% to hit)
The zap hits the gnoll.
The gnoll is severely wounded.
The zap misses the gnoll.
The gnoll hits you from afar with a +0 halberd!
The gnoll closely misses you. x2
The gnoll barely misses you.
You can no longer pass through a line of other dancers.
The gnoll barely misses you.
Casting: Shock (safe; 2% risk of failure)
Confirm with . or Enter, or press ? or * to list all spells.
Aiming: Shock (safe; 2% risk of failure)
Press: ? - help, Shift-Dir - straight line, f - gnoll, p - gnoll
Aim: a gnoll, wielding a +0 spear (heavily wounded, 72% to hit)
The zap hits the gnoll but does no damage.
The gnoll is heavily wounded.
The zap misses the gnoll.
The zap hits the gnoll.
The gnoll is heavily wounded.
The gnoll hits you from afar with a +0 halberd!
* * * LOW HITPOINT WARNING * * *
Unknown command.
Casting: Shock (safe; 2% risk of failure)
Confirm with . or Enter, or press ? or * to list all spells.
Aiming: Shock (safe; 2% risk of failure)
Press: ? - help, Shift-Dir - straight line, f/p - gnoll
Aim: a gnoll, wielding a +0 spear (heavily wounded, 72% to hit)
The zap hits the gnoll.
The gnoll is almost dead.
The zap hits the gnoll.
The gnoll is severely wounded.
The zap hits the gnoll.
The gnoll is severely wounded.
The gnoll hits you from afar with a +0 halberd!
You die...

##.## #..# ...#
##..# #..# #...#
#<.# #...#.# #..#
#..g#.# #..# ###g#.#
### #####..# #.#.#
#..
####......######.#.#
#.#
#.........@.ggg..#.#
#.#
#.##.####.######...#
#.# #....B..#.#
##...## #.#
#.#####B#.#
##.....###รท# #.
#.#.###.......##.#
..
#................#
##
#.#####.......####
#.# ##.....##
..#######...##


You could see 3 gnolls.

Vanquished Creatures
  An iguana (D:4)
  2 adders
  An adder skeleton (D:4)
  4 dart slugs
  An orc (D:2)
  7 bats
  3 endoplasms (D:1)
  3 giant cockroaches
  6 goblins
  6 hobgoblins
  4 jackals (D:2)
  2 kobolds
  3 quokkas
  8 ball pythons
  5 frilled lizards
  3 rats
59 creatures vanquished.

Notes
Turn   | Place    | Note
-------+----------+-------------------------------------------
     0 | D:1      | chris0x the Naga Air Elementalist began the quest for the
                  | Orb.
     0 | D:1      | Reached XP level 1. HP: 15/15 MP: 3/3
     0 | D:1      | Upgraded the game from 0.28-a0-384-g9e0c098162 to
                  | 0.28-a0-413-gde365fb1df
   180 | D:1      | Reached XP level 2. HP: 22/22 MP: 1/5
   470 | D:1      | Learned a level 2 spell: Static Discharge
   709 | D:1      | Found a faded altar of an unknown god.
   710 | D:1      | Noticed a shining eye
   712 | D:1      | Noticed an eye of devastation
   712 | D:1      | Noticed a golden eye
   712 | D:1      | Noticed an eye of devastation
   718 | D:1      | Became a worshipper of Uskayaw the Reveller
   718 | D:1      | Reached * piety under Uskayaw
   954 | D:2      | Reached XP level 3. HP: 28/28 MP: 6/6
   955 | D:2      | Reached ** piety under Uskayaw
  1929 | D:2      | Found a basalt altar of Yredelemnul.
  2257 | D:2      | Reached XP level 4. HP: 36/36 MP: 7/7
  3362 | D:4      | Reached skill level 4 in Stealth
  3362 | D:4      | Reached XP level 5. HP: 7/43 MP: 2/9
  3658 | D:4      | Slain by a gnoll

Illustrated notes

Levels and vault maps discovered:
D:1:      scummos_arrival_checkerplants, layout_loops_ring,
          hellmonk_ecumenical_altar_watching_god, serial_glass, glass_columns_b,
          glass_columns_b
D:2:      minmay_razor_zed, layout_basic, basic_altar
D:3:      layout_basic, eino_tiny_chamber, hex_tiny
D:4:      layout_loops_ring, gammafunk_ghost_nasty_kobolds, nrook_campfire

Skill      XL: |  1  2  3  4 |
---------------+-------------+-----
Dodging        | 2 |  2.1
Stealth        | 4 |  4.1
Fighting       | |  0.7
Short Blades   | |  0.8
Armour         | |  0.5
Spellcasting   | |  2.8
Conjurations   | |  1.6
Air Magic      | |  3.6

Action                   |  1- 3 |  4- 6 || total
-------------------------+-------+-------++-------
Melee: Dagger            |    27 |    36 ||    63
 Cast: Shock             |    43 |    31 ||    74
       Static Discharge  |     2 |     4 ||     6
  Use: Scroll            |     4 |     3 ||     7
 Stab: Sleeping          |     8 |       ||     8
Armor: Robe              |     1 |    16 ||    17
Dodge: Dodged            |    17 |    40 ||    57

Table legend: (Time is in decaauts)
 A = Elapsed time spent in this place.
 B = Non-inter-level travel time spent in this place.
 C = Inter-level travel time spent in this place.
 D = Time resting spent in this place.
 E = Time spent auto-exploring this place.
 F = Levels seen in this place.
 G = Mean time per level.
                   A        B        C        D        E       F      G
               +--------+--------+--------+--------+--------+-----+--------+
         Total |   4531 |   4279 |    252 |    854 |   2723 |   4 | 1132.8 |
       Dungeon |   4531 |   4279 |    252 |    854 |   2723 |   4 | 1132.8 |
               +--------+--------+--------+--------+--------+-----+--------+

Top non-repeatable levels by time:
     D:2: 1706 daAuts
     D:3: 1225 daAuts
     D:1: 1216 daAuts
     D:4: 383 daAuts
